 Dungeon Crawl Stone Soup version 0.19-a0-1401-g902f63d (webtiles) character file.

1621 Lasiace the Carver (level 9, -1/69 HPs)
             Began as a Formicid Fighter on Sept 4, 2016.
             Killed from afar by a steam dragon (16 damage)
             ... with a ball of steam
             ... on level 5 of the Dungeon.
             The game lasted 00:21:11 (6155 turns).

Lasiace the Carver (Formicid Fighter)               Turns: 6155, Time: 00:21:11

Health: -1/69      AC:  8    Str: 21    XL:     9   Next: 17%
Magic:  18/18      EV: 10    Int: 12    God:
Gold:   188        SH: 11    Dex: 13    Spells: 0 memorised, 8 levels left

rFire  . . .     SeeInvis +     s - +0 long sword
rCold  . . .     Gourm    .     F - +2 ring mail of the New World {MP+9 Int+4 SInv}
rNeg   . . .     Faith    .     S - +0 shield
rPois  .         Spirit   .     (helmet unavailable)
rElec  .         Dismiss  .     (no cloak)
rCorr  .         Reflect  .     D - +0 pair of gloves
MR     .....     Harm     .     (no boots)
Stlth  +.........               (no amulet)
                                (no ring)
                                (no ring)

@: no status effects
A: permanent stasis, dig shafts and tunnels, four strong arms, antennae 3
a: Dig, Shaft Self


You were on level 5 of the Dungeon.
You were near starving.

You visited 2 branches of the dungeon, and saw 6 of its levels.
You also visited: Ossuary.

You collected 188 gold pieces.

Inventory:

Hand Weapons
 a - a +0 hand crossbow
 s - a +0 long sword (weapon)
Missiles
 e - 3 throwing nets {=f!f}
 w - 20 bolts
Armour
 A - a +0 scale mail
 D - a +0 pair of gloves (worn)
 F - the +2 ring mail of the New World (worn) {MP+9 Int+4 SInv}
   (You found it on level 4 of the Dungeon)

   It affects your intelligence (+4).
   It affects your magic capacity (+9).
   It lets you see invisible.
 S - a +0 shield (worn)
Wands
 r - a wand of flame (21/48)
 v - a wand of confusion (19/48)
Scrolls
 g - 2 scrolls of identify {@r4}
 h - 2 scrolls of remove curse
 k - 2 scrolls of amnesia
 l - a scroll of blinking {unknown}
 m - a scroll of random uselessness {unknown}
 t - a scroll of enchant weapon {unknown}
 x - a scroll of fog {unknown}
 y - a scroll of fear {unknown}
Potions
 d - a potion of cancellation
 i - 2 potions of brilliance
 j - 5 potions of curing
 p - 2 potions of lignification
 q - 2 potions of agility
 z - a potion of resistance
Comestibles
 c - 2 bread rations
 o - 3 beef jerkies
 u - a slice of pizza


   Skills:
 - Level 6.1 Fighting
 - Level 8.2 Long Blades
 - Level 3.2 Armour
 + Level 7.9 Shields


You had 8 spell levels left.
You didn't know any spells.

Dungeon Overview and Level Annotations

Branches:
Dungeon (5/15)             Temple (1/1) D:4

Altars:
Dithmenos
Hepliaklqana
Kikubaaqudgha
Okawaru
Qazlal
Ru
Trog
Uskayaw
Vehumet
Xom
Zin
The Shining One


Innate Abilities, Weirdness & Mutations

You are under a permanent stasis effect.
You can dig through walls and to a lower floor.
Your four strong arms can wield two-handed weapons with a shield.
You have a pair of large antennae on your head. (SInv)


Message History

The steam dragon closely misses you. The steam dragon barely misses you.
The steam dragon breathes steam at you. The ball of steam hits you!
* * * LOW HITPOINT WARNING * * *
The ball of steam hits the fungus.
You feel better.
You are engulfed in a cloud of scalding steam.
You feel less invigorated.
The fungus is engulfed in a cloud of scalding steam.
The steam dragon closely misses you. You block the steam dragon's attack.
The steam dragon bites you but does no damage.
You block the steam dragon's attack.
You slash the steam dragon!
The steam dragon is moderately wounded.
You are engulfed in a cloud of scalding steam.
* * * LOW HITPOINT WARNING * * *
The fungus is engulfed in a cloud of scalding steam.
The steam dragon breathes steam at you. The ball of steam hits you!
You die...

##≈≈...P# #P.....^##
#PP....^P# ##
#.≈....P≈# .## #.
#....≈≈# ..# ##.
#≈P.≈≈# #.# ####..
#≈..# #.###.....
#.DD# #.##..##..
#.@.# ####.##.#...#
#P.≈###.........###
#P..##........###
#..P##....#...###
#P.###....##....#
#..# #....##.##.# #
##P.# ##.####.##.###
#≈.≈# #.# ...##..##
#≈..####.##.#####.##


You could see 2 steam dragons.

Vanquished Creatures
  Grinder (D:3)
  Menkaure (D:4)
  Edmund (D:3)
  A phantom (D:4)
  Blork the orc (D:4)
  5 wights (D:3)
  A howler monkey (D:4)
  A centaur skeleton (D:4)
  5 orc priests
  5 orc wizards
  2 iguanas
  A worker ant (D:4)
  13 mummies
  8 adders
  3 gnolls (D:3)
  An ooze (D:2)
  2 adder skeletons (D:4)
  2 worms
  5 dart slugs
  4 giant geckos
  17 orcs
  3 ball pythons
  7 bats
  3 giant cockroaches
  8 hobgoblins
  2 jackals (D:2)
  2 quokkas (D:4)
  A ball python skeleton (D:4)
  2 giant newts
  6 goblins
  2 goblin skeletons (Ossuary)
  A goblin zombie (D:5)
  A jackal skeleton (D:4)
  10 kobolds
  4 kobold skeletons (Ossuary)
  2 orc skeletons (Ossuary)
  An orc zombie (D:5)
  A quokka skeleton (D:4)
  6 rats
  11 rat skeletons (Ossuary)
153 creatures vanquished.

Vanquished Creatures (others)
  A human (D:2)
  3 fungi (D:5)
4 creatures vanquished.

Grand Total: 157 creatures vanquished

Notes
Turn   | Place    | Note
-------+----------+-------------------------------------------
     0 | D:1      | Lasiace the Formicid Fighter began the quest for the Orb.
     0 | D:1      | Reached XP level 1. HP: 18/18 MP: 1/1
   157 | D:1      | Reached XP level 2. HP: 18/24 MP: 2/2
   582 | D:1      | Reached XP level 3. HP: 30/30 MP: 3/3
   629 | D:2      | Found a radiant altar of Vehumet.
  1022 | D:2      | Reached skill level 3 in Long Blades
  1027 | D:2      | Reached XP level 4. HP: 36/37 MP: 4/4
  1543 | D:2      | Found an ancient bone altar of Kikubaaqudgha.
  1543 | D:2      | Noticed a human
  1546 | D:2      | Killed a human
  1631 | D:3      | Reached skill level 4 in Long Blades
  1631 | D:3      | Reached XP level 5. HP: 37/42 MP: 5/5
  1676 | D:3      | Reached skill level 5 in Fighting
  1700 | D:3      | Reached XP level 6. HP: 22/52 MP: 6/6
  2119 | D:3      | Found an iron altar of Okawaru.
  2138 | D:3      | Noticed Grinder
  2404 | D:3      | Killed Grinder
  2404 | D:3      | Reached skill level 5 in Long Blades
  2404 | D:3      | Reached XP level 7. HP: 25/58 MP: 7/7
  2855 | D:3      | Noticed an angel
  2856 | D:3      | Found a glowing silver altar of Zin.
  2856 | D:3      | Found a shimmering altar of Xom.
  2876 | D:3      | Reached skill level 6 in Long Blades
  2922 | D:3      | Found a faded altar of an unknown god.
  3145 | D:4      | Noticed Edmund
  3160 | D:3      | Killed Edmund
  3160 | D:3      | Reached XP level 8. HP: 12/64 MP: 8/8
  3423 | D:4      | Reached skill level 7 in Long Blades
  3850 | D:4      | Got a ruby-encrusted ring mail
  3861 | D:4      | Identified the +2 ring mail of the New World {MP+9 Int+4 SInv} (You found it on level 4 of the Dungeon)
  3896 | D:4      | Found Romn's Antique Weapon Shoppe.
  4025 | D:4      | Reached skill level 8 in Long Blades
  4159 | D:4      | Reached skill level 5 in Shields
  4339 | D:4      | Found a staircase to the Ecumenical Temple.
  4351 | Temple   | Entered the Ecumenical Temple
  4820 | D:4      | Noticed Menkaure
  4839 | D:4      | Killed Menkaure
  4992 | D:4      | Noticed Blork the orc
  5006 | D:4      | Killed Blork the orc
  5150 | D:5      | Entered Level 5 of the Dungeon
  5226 | D:5      | Reached XP level 9. HP: 67/69 MP: 9/9
  5381 | D:5      | Found a sand-covered staircase.
  5409 | Ossuary  | Entered an ossuary
  6148 | D:5      | HP: 2/69 [steam dragon/ball of steam (16)]
  6153 | D:5      | HP: 2/69 [steam dragon/ball of steam (13)]
  6155 | D:5      | Killed from afar by a steam dragon

Vault maps used:
D:1:      scummos_arrival_checkerplants
D:2:      vehumet_crystals, tgw_kikubaaqudgha
D:3:      grunt_temple_overflow_order_and_chaos_1, ecumenical_altar_1,
          okawaru_ov_weapons_minmay, uniq_grinder
D:4:      serial_shops, shop_fountains, uniq_edmund, uniq_menkaure,
          uniq_blork_the_orc
D:5:      kennysheep_steamy, first_bread, nicolae_ossuary_entry_giza
Temple:   compressed_dpeg_triangle_lava_temple
Ossuary:  ossuary_due_small_catacomb

Skill      XL: |  1  2  3  4  5  6  7  8  9 |
---------------+----------------------------+-----
Shields        | 4 6 7 |  7.9
Fighting       | 4 5 6 |  6.1
Long Blades    | 3 4 5 6 8 |  8.2
Armour         | |  3.2

Action                   |  1- 3 |  4- 6 |  7- 9 || total
-------------------------+-------+-------+-------++-------
Melee: Long sword        |    87 |   158 |   405 ||   650
 Abil: Dig               |       |     1 |     3 ||     4
Evoke: Wand              |       |       |     2 ||     2
  Use: Potion            |       |     1 |     6 ||     7
       Scroll            |       |       |    12 ||    12
 Stab: Confused          |       |       |     2 ||     2
  Eat: Chunk             |       |     3 |     9 ||    12
       Bread ration      |       |     1 |       ||     1
Armor: Scale mail        |    31 |    45 |    51 ||   127
       Ring mail         |       |       |    28 ||    28
Dodge: Dodged            |    16 |    51 |   102 ||   169
Block: Shield            |    43 |    89 |   144 ||   276
